 Dungeon Sprint DCSS version 0.27-a0-277-g024f7ef292 (webtiles) character file.

Game seed: 204819806915219579

3462 mhtbhm the Cleaver (level 9, -3/90 HPs)
             Began as a Minotaur Fighter on Feb 6, 2021.
             Was the Champion of Trog.
             Slain by a merfolk
             ... wielding a +0 trident
              (6 damage)
             ... while petrified by a basilisk
             ... in the Dungeon (Sprint VII: "The Pits").
             The game lasted 00:02:11 (1049 turns).

mhtbhm the Cleaver (Minotaur Fighter)               Turns: 1049, Time: 00:02:11

Health: -3/90      AC: 20    Str: 25    XL:     9   Next: 78%
Magic:  8/8        EV:  2    Int: 10    God:    Trog [******]
Gold:   0          SH:  0    Dex:  9    Spells: 8/8 levels left

rFire    . . .     SeeInvis +   a - +5 broad axe "Hiwyexku" {vorpal, rElec Int+5 SInv}
rCold    . . .     Faith    .   c - +0 kite shield
rNeg     + + +     Spirit   .   b - +4 chain mail
rPois    ∞         Reflect  .   (helmet restricted)
rElec    +         Harm     .   (no cloak)
rCorr    .         Rampage  .   (no gloves)
Will     .....     NoTele   +   (no boots)
Stlth    ..........             (no amulet)
HPRegen  0.25/turn              n - +3 ring of protection
MPRegen  0.11/turn              o - +3 ring of evasion

@: petrified, berserk cooldown, slowed
A: retaliatory headbutt, horns 2
a: Renounce Religion, Berserk, Trog's Hand, Brothers in Arms


You were in the Dungeon.
You worshipped Trog.
Trog was exalted by your worship.
You visited 1 branch

Inventory:

Hand Weapons
 a - the +5 broad axe "Hiwyexku" (weapon) {vorpal, rElec Int+5 SInv}
   (Trog gifted it to you in the Dungeon)

   It inflicts extra damage upon your enemies.
   It affects your intelligence (+5).
   It insulates you from electricity.
   It lets you see invisible.
Armour
 b - a +4 chain mail (worn)
 c - a +0 kite shield (worn)
 q - a +0 pair of gloves
Jewellery
 n - a +3 ring of protection (left hand)
 o - a +3 ring of evasion (right hand)
Scrolls
 j - a scroll of blinking
 l - 3 scrolls of remove curse
 m - a scroll of summoning
Potions
 d - a potion of might
 e - 5 potions of curing
 f - 9 potions of heal wounds
 g - 4 potions of haste
 h - 4 potions of magic
 i - 5 potions of berserk rage
 k - 2 potions of invisibility
 p - a potion of mutation


   Skills:
 + Level 12.2 Fighting
 + Level 14.5 Axes
 + Level 13.8 Armour
 + Level 4.1 Dodging
 - Level 1.1 Stealth
 + Level 12.9 Shields


You had 8 spell levels left.
You didn't know any spells.
Your spell library was empty.

Dungeon Overview and Level Annotations

Branches:
Dungeon (1/1)

Altars:
Cheibriados
Dithmenos
Elyvilon
Fedhas
Gozag
Hepliaklqana
Makhleb
Nemelex Xobeh
Okawaru
Qazlal
Ru
Sif Muna
Trog
Vehumet
Wu Jian
Xom
Yredelemnul
Zin
The Shining One
Beogh
Jiyva
Lugonu


Innate Abilities, Weirdness & Mutations

You reflexively headbutt those who attack you in melee.
You have a pair of horns on your head.


Message History

The merfolk hits you but does no damage.
The merfolk hits you from afar with a +0 trident!!
* * * LOW HITPOINT WARNING * * *
The basilisk gazes at you. The merfolk hits you with a +0 trident!
* * * LOW HITPOINT WARNING * * *
The merfolk hits you but does no damage.
The basilisk bites you but does no damage.
The merfolk hits you but does no damage. x2
The basilisk bites you!
* * * LOW HITPOINT WARNING * * *
The merfolk hits you with a +0 trident!
* * * LOW HITPOINT WARNING * * *
The basilisk gazes at you. You resist with some effort.
The merfolk hits you but does no damage.
The merfolk hits you but does no damage.
The basilisk bites you but does no damage.
The merfolk hits you from afar with a +0 trident!
You die...

#... #... #..#
#..# #..# ######
#..# .##..# #lm#
.##..# #)@# .''..#
#))#
.''..##########†m#
.##....).........#
.##..............#
##################


You could see 2 merfolk and a basilisk.

Vanquished Creatures
  A merfolk javelineer (D)
  A black mamba (D)
  2 orange demons (D)
  2 merfolk (D)
  A redback (D)
  4 yaks (D)
  A sky beast (D)
  2 necrophages (D)
  A phantom (D)
  Blork the orc (D)
  5 wights (D)
  A crimson imp (D)
  Jessica (D)
  A river rat (D)
  A worm (D)
  A ball python (D)
  A goblin (D)
  2 hobgoblins (D)
  2 kobolds (D)
  3 quokkas (D)
  2 frilled lizards (D)
  A rat (D)
37 creatures vanquished.

Notes
Turn   | Place    | Note
-------+----------+-------------------------------------------
     0 | D        | mhtbhm the Minotaur Fighter began the quest for the Orb.
     0 | D        | Reached XP level 1. HP: 19/19 MP: 0/0
    71 | D        | Found a bloodstained altar of Trog.
    71 | D        | Found a shimmering blue altar of Sif Muna.
    71 | D        | Found a viscous altar of Jiyva.
    71 | D        | Found a hazy altar of Hepliaklqana.
    71 | D        | Found an opulent altar of Gozag.
    72 | D        | Found a glowing golden altar of the Shining One.
    72 | D        | Found a glowing silver altar of Zin.
    72 | D        | Found a basalt altar of Yredelemnul.
    72 | D        | Found a shimmering altar of Xom.
    72 | D        | Found an ornate altar of the Wu Jian Council.
    72 | D        | Found a sacrificial altar of Ru.
    72 | D        | Found a stormy altar of Qazlal.
    72 | D        | Found an iron altar of Okawaru.
    72 | D        | Found a sparkling altar of Nemelex Xobeh.
    72 | D        | Found a burning altar of Makhleb.
    72 | D        | Found a blossoming altar of Fedhas.
    72 | D        | Found a white marble altar of Elyvilon.
    72 | D        | Found a shadowy altar of Dithmenos.
    72 | D        | Found a snail-covered altar of Cheibriados.
    74 | D        | Found a radiant altar of Vehumet.
    74 | D        | Found a corrupted altar of Lugonu.
    74 | D        | Found a roughly hewn altar of Beogh.
    76 | D        | Became a worshipper of Trog the Wrathful
   127 | D        | Reached * piety under Trog
   136 | D        | Reached ** piety under Trog
   137 | D        | Reached skill level 3 in Axes
   137 | D        | Reached XP level 2. HP: 28/28 MP: 1/1
   138 | D        | Reached skill level 5 in Fighting
   202 | D        | Noticed a necrophage
   202 | D        | Noticed a wight
   210 | D        | Killed a necrophage
   210 | D        | Reached *** piety under Trog
   211 | D        | Reached skill level 5 in Axes
   211 | D        | Reached XP level 3. HP: 35/38 MP: 2/2
   211 | D        | Reached XP level 4. HP: 41/45 MP: 3/3
   213 | D        | Reached XP level 5. HP: 39/52 MP: 4/4
   214 | D        | Noticed Jessica
   218 | D        | Noticed a phantom
   223 | D        | Reached skill level 6 in Axes
   225 | D        | Reached skill level 7 in Axes
   229 | D        | Reached **** piety under Trog
   230 | D        | Reached XP level 6. HP: 53/62 MP: 5/5
   231 | D        | Reached skill level 8 in Axes
   231 | D        | Killed Jessica
   243 | D        | Reached skill level 9 in Axes
   386 | D        | Noticed a sky beast
   396 | D        | Killed a sky beast
   396 | D        | Reached ***** piety under Trog
   397 | D        | Reached XP level 7. HP: 71/71 MP: 6/6
   399 | D        | Noticed a black mamba
   418 | D        | Killed a black mamba
   419 | D        | Reached skill level 10 in Fighting
   419 | D        | Reached skill level 11 in Axes
   419 | D        | Reached skill level 10 in Armour
   419 | D        | Reached skill level 1 in Dodging
   419 | D        | Reached skill level 10 in Shields
   764 | D        | Noticed Blork the orc
   764 | D        | Noticed a yak
   764 | D        | Noticed a yak
   764 | D        | Noticed a yak
   764 | D        | Noticed a yak
   772 | D        | Killed a yak
   772 | D        | Killed a yak
   772 | D        | Received a gift from Trog
   773 | D        | Reached skill level 12 in Axes
   773 | D        | Reached XP level 8. HP: 81/81 MP: 7/7
   774 | D        | Killed Blork the orc
   956 | D        | Noticed an orange demon
   957 | D        | Noticed an orange demon
   968 | D        | Killed an orange demon
   969 | D        | Reached skill level 13 in Axes
   969 | D        | Reached skill level 1 in Stealth
   975 | D        | Killed an orange demon
   975 | D        | Reached ****** piety under Trog
   975 | D        | Received a gift from Trog
   976 | D        | Reached XP level 9. HP: 80/89 MP: 8/8
  1014 | D        | Got a masterwork broad axe {god gift}
  1015 | D        | Identified the +5 broad axe "Hiwyexku" {vorpal, rElec Int+5
                  | SInv} (Trog gifted it to you in the Dungeon)
  1023 | D        | Noticed a merfolk javelineer
  1023 | D        | Noticed a merfolk
  1023 | D        | Noticed a merfolk
  1023 | D        | Noticed a merfolk
  1023 | D        | Noticed a merfolk
  1029 | D        | Killed a merfolk javelineer
  1030 | D        | Reached skill level 14 in Axes
  1033 | D        | Killed a merfolk
  1041 | D        | Killed a merfolk
  1048 | D        | HP: 3/90 [merfolk/+0 trident (4)]
  1049 | D        | Slain by a merfolk

Illustrated notes

Levels and vault maps discovered:
D:        pitsprint [storerooms_1, entrance_room_1, metal_vault_1, armoury_1,
          mini_pit_1, grid_room_1, main_hall_1, silver_pit, the_coven_2,
          the_vestibule_1, steel_vault_1, golden_pit, hallway_of_sentries,
          crystal_vault_2, iron_vault_2, final_vault]

Skill      XL: |  1  2  3  4  5  6  7  8  9 |
---------------+----------------------------+-----
Fighting       | 4 6 7 8 9 10 11 12 | 12.2
Armour         | 4 6 7 8 9 11 12 13 | 13.8
Shields        | 4 6 7 8 9 11 12 | 12.9
Axes           | 3 5 7 9 12 13 14 | 14.5
Dodging        | 1 2 4 |  4.1
Stealth        | 1 |  1.1

Action                   |  1- 3 |  4- 6 |  7- 9 || total
-------------------------+-------+-------+-------++-------
Melee: Hand axe          |    16 |    36 |    41 ||    93
       Headbutt          |     3 |     6 |    13 ||    22
       War axe           |     1 |       |       ||     1
       Broad axe         |       |       |    21 ||    21
Invok: Berserk           |     1 |     1 |     2 ||     4
  Use: Potion            |       |       |     3 ||     3
Armor: Scale mail        |     1 |       |       ||     1
       Chain mail        |    10 |    15 |    49 ||    74
Dodge: Dodged            |     5 |     6 |    27 ||    38
Block: Kite shield       |    10 |    19 |    37 ||    66

Table legend: (Time is in decaauts)
 A = Elapsed time spent in this place.
 B = Non-inter-level travel time spent in this place.
 C = Inter-level travel time spent in this place.
 D = Time resting spent in this place.
 E = Time spent auto-exploring this place.
 F = Levels seen in this place.
 G = Mean time per level.
                   A        B        C        D        E       F      G
               +--------+--------+--------+--------+--------+-----+--------+
         Total |   1076 |   1076 |      0 |    607 |     59 |   1 | 1076.0 |
       Dungeon |   1076 |   1076 |      0 |    607 |     59 |   1 | 1076.0 |
               +--------+--------+--------+--------+--------+-----+--------+

Top non-repeatable levels by time:
       D: 1076 daAuts
